 Dungeon Crawl Stone Soup version 0.27-b1-16-g6517624069 (webtiles) character file.

Game seed: 1736124129446329537

11 pikapanic the Conjurer (level 2, 0/20 HPs)
             Began as a Draconian Conjurer on July 26, 2021.
             Slain by a dart slug (1 damage)
             ... on level 1 of the Dungeon.
             The game lasted 00:04:12 (685 turns).

pikapanic the Conjurer (Draconian Conjurer)          Turns: 685, Time: 00:04:12

Health: 0/20       AC:  4    Str:  9    XL:     2   Next: 17%
Magic:  1/5        EV: 12    Int: 24    God:
Gold:   8          SH:  0    Dex:  9    Spells: 2/5 levels left

rFire    . . .     SeeInvis .   a - +0 club
rCold    . . .     Faith    .   (no shield)
rNeg     . . .     Spirit   .   (armour unavailable)
rPois    .         Reflect  .   (helmet restricted)
rElec    .         Harm     .   (no cloak)
rCorr    .         Rampage  .   (no gloves)
Will     .....                  (no boots)
Stlth    ++........             (no amulet)
HPRegen  0.06/turn              b - +6 ring of intelligence
MPRegen  0.09/turn              (no ring)

@: no status effects
A: AC +4, unfitting armour, cold-blooded
a: no special abilities


You were on level 1 of the Dungeon.
You visited 1 branch of the dungeon, and saw 1 of its levels.

You collected 8 gold pieces.

Inventory:

Hand Weapons
 a - a +0 club (weapon)
Jewellery
 b - a +6 ring of intelligence (left hand)


   Skills:
 + Level 2.0 Dodging
 + Level 1.7 Stealth
 + Level 2.0 Spellcasting
 + Level 4.4 Conjurations


You had 2 spell levels left.
You knew the following spells:

 Your Spells              Type           Power      Damage    Failure   Level
a - Magic Dart            Conj           92%        1d7       1%          1
b - Searing Ray           Conj           46%        3d4       3%          2

Your spell library contained the following spells:

 Spells                   Type           Power      Damage    Failure   Level
 Dazzling Flash           Conj/Hex       26%        N/A       14%         3
 Fulminant Prism          Conj/Hex       6%         3d7       43%         4
 Iskenderun's Mystic Bla  Conj/Tloc      13%        2d5       43%         4


Dungeon Overview and Level Annotations

Branches:
Dungeon (1/15)

Altars:


Innate Abilities, Weirdness & Mutations

Your plain brown scales are hard. (AC +4)
You cannot fit into any form of body armour.
You are cold-blooded and may be slowed by cold attacks.


Message History

The bat hits you but does no damage. The bat hits you but does no damage.
You finish channeling your searing ray.
The bat closely misses you. The bat barely misses you.
The kobold throws a stone.
The stone barely misses you. The dart slug launches a dart at you.
The slug dart hits you. The bat closely misses you.
The kobold throws a stone.
The stone barely misses you. The bat barely misses you.
A giant cockroach comes into view.
The bat closely misses you. The bat misses you.
The bat hits you but does no damage. x2
The dart slug launches a dart at you. The slug dart hits you.
The bat hits you but does no damage.
The kobold throws a stone.
The stone hits you but does no damage. The bat hits you.
The dart slug closely misses you. The bat hits you but does no damage.
The bat hits you but does no damage. The dart slug bites you.
The bat hits you but does no damage. The dart slug bites you. The bat hits you.
The kobold closely misses you. The kobold closely misses you.
The dart slug launches a dart at you. The slug dart hits you.
The bat barely misses you. The bat hits you but does no damage.
The kobold misses you. The dart slug barely misses you. The bat misses you.
The kobold barely misses you. The bat barely misses you.
The bat hits you but does no damage.
The dart slug bites you but does no damage.
The kobold misses you. The bat closely misses you. The bat hits you.
The kobold hits you with a +0 short sword.
* * * LOW HITPOINT WARNING * * *
The dart slug bites you but does no damage.
The kobold hits you with a +0 short sword.
* * * LOW HITPOINT WARNING * * *
The dart slug bites you.
You die...

####... ..>.... ......#
......# ....... .......
###w...# ##.@K...#
#..#b...#
#############.##....#
#......................
#..#########...........
##.## #######.##.. #..#
... . ..# ##.###### ##
.$# ..# #......####...
..##


You could see a dart slug, a bat and a kobold.

Vanquished Creatures
  An endoplasm (D:1)
  A goblin (D:1)
  4 hobgoblins (D:1)
  A quokka (D:1)
  A bat (D:1)
  A frilled lizard (D:1)
  A kobold (D:1)
10 creatures vanquished.

Notes
Turn   | Place    | Note
-------+----------+-------------------------------------------
     0 | D:1      | pikapanic the Draconian Conjurer began the quest for the
                  | Orb.
     0 | D:1      | Reached XP level 1. HP: 14/14 MP: 3/3
   487 | D:1      | Reached XP level 2. HP: 20/20 MP: 3/5
   490 | D:1      | Learned a level 2 spell: Searing Ray
   685 | D:1      | HP: 1/20 [kobold (5)]
   685 | D:1      | Slain by a dart slug

Illustrated notes

Levels and vault maps discovered:
D:1:      wander_arrival_lonely_grave, layout_rooms, minmay_misc_feat_iff,
          chequers_serial_rivers_room_a, minmay_misc_feat_columns,
          minmay_misc_feat_nine_boxes, minmay_tetromino_s4

Skill      XL: |  1  2 |
---------------+-------+-----
Dodging        | 2 |  2.0
Stealth        | |  1.7
Spellcasting   | |  2.0
Conjurations   | |  4.4

Action                   || total
-------------------------++-------
Melee: Unarmed           ||     4
       Club              ||     1
 Cast: Magic Dart        ||    16
       Searing Ray       ||     3
Armor: Skin              ||    20
Dodge: Dodged            ||    37
